[ AOE2 MATCH · #468440271 ]
UnrankedTurks vs Khmer
[ REPLAY ANALYSIS · EXTRACTED FROM THE RECORDED GAME ]
Feudal
14:15
Castle
28:26
Imperial
—
| APM avg | 14.8 |
| APM peak | 45 |
| eAPM avg | 8.1 |
| Villagers / military | 59 / 30 |
Focus
⚔️ 19.2% · 🌾 80.8%
Camel Scout ×23 · Fishing Ship ×11 · Trade Cog ×9 · Janissary ×5 · Trade Cart ×4 · Demolition Raft ×2
Feudal
18:59
Castle
22:53
Imperial
—
| APM avg | 8.4 |
| APM peak | 19 |
| eAPM avg | 6.2 |
| Villagers / military | 75 / 12 |
Focus
⚔️ 16.7% · 🌾 83.3%
Scout Cavalry ×4 · Spearman ×3 · Battle Elephant ×3 · Monk ×1 · Battering Ram ×1
Feudal
14:14
Castle
19:59
Imperial
—
| APM avg | 23.5 |
| APM peak | 116 |
| eAPM avg | 9.5 |
| Villagers / military | 69 / 34 |
Focus
⚔️ 22.6% · 🌾 77.4%
Knight ×30 · Scout Cavalry ×4 · Fishing Ship ×3
Feudal
17:50
Castle
22:13
Imperial
—
| APM avg | 11.0 |
| APM peak | 36 |
| eAPM avg | 7.5 |
| Villagers / military | 69 / 38 |
Focus
⚔️ 28.7% · 🌾 71.3%
Spearman ×20 · Skirmisher ×10 · Battering Ram ×4 · Petard ×3 · Fishing Ship ×2 · Archer ×1
Match map
Initial resources + every placement click. Lines = walls · curves = elevation contours. ◆ gold · ⬟ stone · ● berries · ✦ relic · ◌ wall gap
Your base· Open — 5t gap
jehudaevers's base· Open — 10t gap
darrenbwhufc's base· Open — 4t gap
osherlevy1's base· Open — unwalled flank
Smoothed initial terrain · ◌ = detected wall gap · hover for details
Inputs per minute
— Sentellax - - jehudaevers
Build order — Sentellax
First 150 of 188 actions detected
| 0:54 | Build | Town Center |
| 3:20 | Build | House |
| 3:27 | Create | Villager (Male) |
| 3:35 | Create | Villager (Male) |
| 4:09 | Build | Mill |
| 4:11 | Create | Villager (Male) |
| 4:49 | Create | Villager (Male) |
| 4:51 | Research | Loom |
| 5:36 | Build | House |
| 5:43 | Create | Villager (Male) |
| 5:53 | Build | House |
| 6:13 | Create | Villager (Male) |
| 6:41 | Create | Villager (Male) |
| 6:45 | Create | Villager (Male) |
| 7:43 | Create | Villager (Male) |
| 7:43 | Create | Villager (Male) |
| 8:39 | Create | Villager (Male) |
| 9:47 | Create | Villager (Male) |
| 10:07 | Create | Villager (Male) |
| 10:53 | Build | House |
| 11:20 | Build | Lumber Camp |
| 11:40 | Create | Villager (Male) |
| 11:42 | Create | Villager (Male) |
| 11:58 | Research | Feudal Age |
| 13:44 | Build | Farm |
| 13:45 | Build | Farm |
| 13:47 | Build | Farm |
| 14:13 | Build | Farm |
| 14:15 | Age | Feudal Age |
| 14:34 | Create | Villager (Male) |
| 14:44 | Research | Double-Bit Axe |
| 14:53 | Build | House |
| 15:01 | Create | Villager (Male) |
| 15:15 | Research | Wheelbarrow |
| 15:35 | Build | Dock |
| 15:43 | Build | Farm |
| 16:04 | Build | Mining Camp |
| 16:17 | Build | House |
| 16:26 | Create | Villager (Male) |
| 16:28 | Research | Wheelbarrow |
| 16:29 | Create | Villager (Male) |
| 16:40 | Build | Farm |
| 16:55 | Build | House |
| 16:58 | Create | Fishing Ship |
| 17:06 | Create | Villager (Male) |
| 17:19 | Research | Horse Collar |
| 17:42 | Build | Palisade Wall |
| 17:59 | Build | Farm |
| 18:02 | Create | Villager (Male) |
| 18:24 | Build | Palisade Wall |
| 18:30 | Create | Villager (Male) |
| 18:49 | Build | Blacksmith |
| 19:03 | Build | House |
| 19:13 | Create | Fishing Ship |
| 19:31 | Build | Palisade Wall |
| 19:44 | Build | House |
| 19:49 | Create | Villager (Male) |
| 19:50 | Create | Villager (Male) |
| 20:04 | Build | Mining Camp |
| 20:15 | Create | Villager (Male) |
| 21:04 | Build | Market |
| 21:20 | Create | Fishing Ship |
| 21:34 | Create | Villager (Male) |
| 21:35 | Create | Villager (Male) |
| 21:38 | Research | Town Watch |
| 21:41 | Research | Gold Mining |
| 21:48 | Create | Villager (Male) |
| 22:50 | Build | Barracks |
| 23:04 | Build | Mining Camp |
| 23:14 | Create | Trade Cart |
| 23:14 | Create | Trade Cart |
| 23:14 | Create | Trade Cart |
| 23:21 | Create | Villager (Male) |
| 23:36 | Build | Farm |
| 24:19 | Build | Watch Tower |
| 24:31 | Create | Villager (Male) |
| 24:32 | Create | Villager (Male) |
| 24:35 | Create | Villager (Male) |
| 24:48 | Build | Farm |
| 24:52 | Build | Farm |
| 25:26 | Research | Castle Age |
| 25:38 | Build | Stable |
| 25:40 | Build | Stable |
| 25:53 | Create | Villager (Male) |
| 25:55 | Create | Villager (Male) |
| 25:55 | Create | Villager (Male) |
| 26:22 | Build | Palisade Wall |
| 26:31 | Create | Villager (Male) |
| 26:36 | Research | Stone Mining |
| 26:57 | Create | Demolition Raft |
| 27:29 | Create | Demolition Raft |
| 27:33 | Create | Fishing Ship |
| 27:33 | Create | Fishing Ship |
| 27:50 | Build | Dock |
| 28:03 | Build | House |
| 28:19 | Build | Archery Range |
| 28:20 | Build | Archery Range |
| 28:26 | Age | Castle Age |
| 28:33 | Create | Villager (Male) |
| 28:44 | Research | Scale Barding Armor |
| 28:45 | Research | Forging |
| 28:59 | Create | Trade Cog |
| 29:00 | Create | Trade Cog |
| 29:04 | Create | Fishing Ship |
| 29:05 | Create | Fishing Ship |
| 29:15 | Research | Tech 906 |
| 29:38 | Create | Villager (Male) |
| 30:05 | Build | Town Center |
| 30:21 | Build | Palisade Wall |
| 30:28 | Create | Villager (Male) |
| 30:34 | Research | Coinage |
| 30:35 | Research | Caravan |
| 30:43 | Research | Hand Cart |
| 30:46 | Research | Bow Saw |
| 31:40 | Research | Gold Shaft Mining |
| 31:44 | Create | Fishing Ship |
| 32:04 | Research | Gillnets |
| 32:08 | Create | Trade Cog |
| 32:11 | Create | Villager (Male) |
| 32:12 | Create | Villager (Male) |
| 32:12 | Create | Villager (Male) |
| 32:20 | Build | Farm |
| 32:25 | Build | Farm |
| 32:33 | Build | House |
| 32:36 | Create | Villager (Male) |
| 32:37 | Create | Villager (Male) |
| 32:46 | Create | Villager (Male) |
| 32:58 | Create | Camel Scout |
| 32:59 | Create | Camel Scout |
| 32:59 | Create | Camel Scout |
| 33:01 | Create | Camel Scout |
| 33:24 | Create | Fishing Ship |
| 33:33 | Create | Trade Cog |
| 33:34 | Create | Trade Cog |
| 33:47 | Create | Camel Scout |
| 33:48 | Create | Camel Scout |
| 34:02 | Create | Camel Scout ×4 |
| 34:02 | Create | Camel Scout ×4 |
| 34:15 | Create | Camel Scout |
| 34:16 | Create | Camel Scout |
| 34:51 | Create | Camel Scout |
| 34:51 | Create | Camel Scout |
| 34:52 | Create | Camel Scout |
| 34:56 | Create | Villager (Male) |
| 34:56 | Create | Villager (Male) |
| 34:57 | Create | Villager (Male) |
| 34:58 | Create | Villager (Male) |
| 35:04 | Build | House |
| 35:05 | Build | House |
| 35:06 | Build | House |
Build order — jehudaevers
122 actions detected in the replay
| 3:15 | Build | Town Center |
| 5:30 | Create | Villager (Male) ×4 |
| 5:39 | Build | House |
| 5:45 | Build | House |
| 5:52 | Build | House |
| 6:49 | Create | Villager (Male) |
| 7:46 | Create | Villager (Male) |
| 7:46 | Create | Villager (Male) |
| 7:46 | Create | Villager (Male) |
| 7:56 | Create | Villager (Male) |
| 7:56 | Create | Villager (Male) |
| 8:20 | Create | Villager (Male) |
| 8:20 | Create | Villager (Male) |
| 9:20 | Build | Mill |
| 9:37 | Create | Villager (Male) |
| 9:37 | Create | Villager (Male) |
| 9:40 | Create | Villager (Male) |
| 9:40 | Create | Villager (Male) |
| 10:02 | Create | Villager (Male) |
| 10:34 | Create | Villager (Male) |
| 11:33 | Create | Villager (Male) ×5 |
| 12:06 | Create | Villager (Male) ×4 |
| 12:18 | Build | House |
| 12:20 | Build | House |
| 12:35 | Create | Villager (Male) |
| 12:37 | Create | Villager (Male) |
| 12:58 | Create | Villager (Male) ×3 |
| 13:31 | Build | Mining Camp |
| 14:48 | Research | Feudal Age |
| 16:15 | Build | Farm |
| 16:17 | Build | Farm |
| 16:19 | Build | Farm |
| 16:21 | Build | Farm |
| 16:24 | Build | Farm |
| 16:26 | Build | Farm |
| 16:30 | Build | Farm |
| 16:34 | Build | Farm |
| 16:36 | Build | Farm |
| 17:46 | Build | Barracks |
| 18:14 | Build | Lumber Camp |
| 18:59 | Age | Feudal Age |
| 19:05 | Build | Blacksmith |
| 19:11 | Build | Stable |
| 19:37 | Build | Farm |
| 19:40 | Build | Farm |
| 19:44 | Research | Double-Bit Axe |
| 20:13 | Research | Castle Age |
| 20:36 | Create | Scout Cavalry |
| 20:50 | Build | House |
| 20:53 | Build | House |
| 20:55 | Build | House |
| 21:00 | Research | Horse Collar |
| 21:16 | Create | Scout Cavalry |
| 21:38 | Build | Farm |
| 21:40 | Build | Farm |
| 22:23 | Create | Scout Cavalry |
| 22:23 | Create | Scout Cavalry |
| 22:53 | Age | Castle Age |
| 24:04 | Build | Town Center |
| 24:11 | Create | Villager (Male) |
| 25:06 | Build | Farm |
| 25:09 | Build | Farm |
| 25:14 | Build | Farm |
| 25:37 | Build | Farm |
| 25:39 | Build | Farm |
| 25:42 | Build | Farm |
| 25:46 | Build | Farm |
| 25:53 | Build | Farm |
| 26:58 | Create | Villager (Male) ×2 |
| 27:37 | Build | Siege Workshop |
| 27:44 | Build | Farm |
| 27:46 | Create | Villager (Male) ×2 |
| 28:26 | Build | Mining Camp |
| 28:35 | Build | Farm |
| 28:37 | Create | Villager (Male) ×3 |
| 28:48 | Build | House |
| 28:51 | Build | House |
| 28:53 | Build | House |
| 28:55 | Build | House |
| 28:57 | Build | House |
| 29:21 | Research | Stone Mining |
| 29:26 | Build | Farm |
| 29:28 | Create | Villager (Male) |
| 29:40 | Build | Farm |
| 29:44 | Create | Villager (Male) |
| 29:44 | Create | Villager (Male) |
| 30:11 | Build | Farm |
| 30:13 | Create | Villager (Male) ×2 |
| 30:27 | Create | Villager (Male) |
| 30:34 | Build | Farm |
| 30:36 | Create | Villager (Male) |
| 30:59 | Create | Villager (Male) ×2 |
| 31:20 | Build | Farm |
| 31:22 | Build | Farm |
| 31:24 | Build | Farm |
| 31:25 | Build | Farm |
| 31:35 | Build | House |
| 31:37 | Build | House |
| 31:40 | Build | House |
| 31:48 | Build | Monastery |
| 31:52 | Build | University |
| 31:57 | Create | Villager (Male) ×5 |
| 32:14 | Research | Double-Bit Axe |
| 32:28 | Create | Battering Ram |
| 33:01 | Create | Villager (Male) ×5 |
| 33:22 | Create | Battle Elephant |
| 33:22 | Create | Battle Elephant |
| 33:48 | Create | Monk |
| 34:14 | Create | Battle Elephant |
| 34:16 | Research | Husbandry |
| 34:25 | Create | Villager (Male) ×3 |
| 34:41 | Build | Town Center |
| 37:18 | Create | Villager (Male) ×5 |
| 37:28 | Create | Villager (Male) |
| 37:29 | Create | Villager (Male) |
| 37:50 | Build | Barracks |
| 37:52 | Build | Barracks |
| 38:08 | Build | House |
| 38:33 | Create | Villager (Male) ×5 |
| 38:52 | Create | Villager (Male) |
| 39:20 | Create | Spearman ×3 |
| 39:37 | Build | Farm |
Build order — darrenbwhufc
First 150 of 154 actions detected
| 0:40 | Build | Town Center |
| 2:52 | Create | Villager (Male) |
| 2:52 | Create | Villager (Male) |
| 2:52 | Create | Villager (Male) |
| 3:10 | Create | Villager (Male) |
| 3:44 | Create | Villager (Male) |
| 4:50 | Create | Villager (Male) |
| 5:27 | Create | Villager (Male) |
| 6:33 | Create | Villager (Male) |
| 6:34 | Create | Villager (Male) |
| 6:38 | Create | Villager (Male) |
| 6:39 | Create | Villager (Male) |
| 7:06 | Create | Villager (Male) |
| 8:30 | Create | Villager (Male) |
| 8:45 | Build | Lumber Camp |
| 9:09 | Create | Villager (Male) |
| 9:13 | Create | Villager (Male) |
| 9:13 | Create | Villager (Male) |
| 9:14 | Create | Villager (Male) |
| 9:45 | Create | Villager (Male) |
| 10:32 | Create | Villager (Male) |
| 10:59 | Create | Villager (Male) |
| 11:10 | Build | Mill |
| 11:27 | Build | Mining Camp |
| 12:01 | Research | Feudal Age |
| 13:55 | Build | Farm |
| 14:00 | Build | Farm |
| 14:01 | Build | Farm |
| 14:03 | Build | Farm |
| 14:09 | Create | Villager (Male) |
| 14:09 | Create | Villager (Male) |
| 14:14 | Age | Feudal Age |
| 14:47 | Build | Blacksmith |
| 14:55 | Build | Market |
| 15:14 | Build | Farm |
| 15:26 | Build | Farm |
| 15:38 | Create | Villager (Male) |
| 15:39 | Create | Villager (Male) |
| 16:22 | Create | Villager (Male) |
| 16:41 | Build | Barracks |
| 17:13 | Create | Villager (Male) |
| 17:19 | Research | Castle Age |
| 17:20 | Research | Loom |
| 17:33 | Build | Mining Camp |
| 18:11 | Build | Stone Wall |
| 18:21 | Build | Gate |
| 18:51 | Build | Stable |
| 19:54 | Build | Farm |
| 19:59 | Age | Castle Age |
| 20:09 | Create | Villager (Male) |
| 20:10 | Create | Villager (Male) |
| 20:10 | Create | Villager (Male) |
| 20:10 | Create | Villager (Male) |
| 20:42 | Create | Villager (Male) |
| 20:44 | Research | Gold Mining |
| 20:51 | Create | Scout Cavalry |
| 20:52 | Create | Scout Cavalry |
| 20:54 | Create | Scout Cavalry |
| 21:26 | Build | Dock |
| 21:35 | Create | Villager (Male) |
| 22:07 | Build | Castle |
| 23:25 | Create | Villager (Male) |
| 23:25 | Create | Villager (Male) |
| 23:41 | Build | Mining Camp |
| 24:11 | Create | Villager (Male) |
| 24:11 | Create | Villager (Male) |
| 24:22 | Build | University |
| 24:31 | Build | Monastery |
| 25:17 | Create | Knight |
| 25:18 | Create | Knight |
| 25:19 | Create | Knight |
| 25:19 | Create | Knight |
| 25:20 | Create | Knight |
| 25:20 | Create | Knight |
| 25:36 | Create | Villager (Male) |
| 25:36 | Create | Villager (Male) |
| 25:53 | Build | Town Center |
| 26:03 | Create | Villager (Male) |
| 26:04 | Create | Villager (Male) |
| 26:37 | Build | Farm |
| 26:44 | Research | Double-Bit Axe |
| 28:37 | Build | Farm |
| 28:49 | Create | Fishing Ship |
| 29:16 | Create | Knight |
| 29:16 | Create | Knight |
| 29:16 | Create | Knight |
| 29:18 | Create | Knight |
| 29:18 | Create | Knight |
| 29:18 | Create | Knight |
| 30:32 | Build | Castle |
| 31:35 | Create | Fishing Ship |
| 31:35 | Create | Fishing Ship |
| 31:42 | Create | Villager (Male) ×5 |
| 31:47 | Create | Villager (Male) ×5 |
| 31:54 | Build | Farm |
| 31:57 | Build | Farm |
| 31:57 | Build | Farm |
| 31:58 | Build | Farm |
| 32:24 | Build | Farm |
| 32:58 | Research | Bloodlines |
| 33:07 | Create | Villager (Male) |
| 33:24 | Create | Villager (Male) |
| 33:25 | Create | Villager (Male) |
| 34:07 | Build | Farm |
| 34:36 | Create | Knight |
| 34:36 | Create | Knight |
| 34:37 | Create | Knight |
| 34:37 | Create | Knight |
| 34:38 | Create | Knight |
| 34:39 | Create | Knight |
| 34:39 | Create | Knight |
| 34:39 | Create | Knight |
| 35:24 | Build | Farm |
| 35:28 | Build | Farm |
| 35:31 | Create | Villager (Male) |
| 35:31 | Create | Villager (Male) |
| 35:36 | Create | Villager (Male) |
| 35:36 | Create | Villager (Male) |
| 36:37 | Build | Farm |
| 36:40 | Build | Farm |
| 36:41 | Build | Farm |
| 37:30 | Research | Scale Barding Armor |
| 37:31 | Research | Scale Mail Armor |
| 37:33 | Research | Forging |
| 37:36 | Create | Villager (Male) |
| 37:36 | Create | Villager (Male) |
| 37:36 | Create | Villager (Male) |
| 37:41 | Build | Farm |
| 37:45 | Build | Farm |
| 37:46 | Create | Villager (Male) |
| 37:46 | Create | Villager (Male) |
| 37:50 | Research | Horse Collar |
| 38:06 | Create | Scout Cavalry |
| 38:09 | Create | Knight |
| 38:10 | Create | Knight |
| 38:10 | Create | Knight |
| 38:11 | Create | Knight |
| 38:11 | Create | Knight |
| 38:17 | Build | Farm |
| 38:23 | Create | Villager (Male) |
| 38:24 | Create | Villager (Male) |
| 38:32 | Build | Town Center |
| 38:36 | Create | Villager (Male) |
| 38:37 | Create | Villager (Male) |
| 38:41 | Create | Villager (Male) |
| 39:14 | Build | Farm |
| 39:15 | Build | Farm |
| 39:20 | Create | Villager (Male) |
| 39:20 | Create | Villager (Male) |
| 40:08 | Create | Knight |
Build order — osherlevy1
First 150 of 158 actions detected
| 2:47 | Build | Town Center |
| 3:55 | Build | House |
| 4:01 | Build | House |
| 4:03 | Build | House |
| 4:37 | Create | Villager (Male) |
| 4:37 | Create | Villager (Male) |
| 4:37 | Create | Villager (Male) |
| 4:38 | Create | Villager (Male) |
| 4:38 | Create | Villager (Male) |
| 5:42 | Create | Villager (Male) |
| 6:31 | Create | Villager (Male) |
| 7:02 | Create | Villager (Male) |
| 7:33 | Create | Villager (Male) |
| 7:34 | Create | Villager (Male) |
| 7:34 | Create | Villager (Male) |
| 8:01 | Create | Villager (Male) |
| 8:01 | Create | Villager (Male) |
| 8:17 | Build | Lumber Camp |
| 9:25 | Create | Villager (Male) |
| 9:25 | Create | Villager (Male) |
| 9:26 | Create | Villager (Male) |
| 9:26 | Create | Villager (Male) |
| 9:43 | Create | Villager (Male) |
| 10:17 | Create | Villager (Male) |
| 10:17 | Create | Villager (Male) |
| 10:33 | Build | House |
| 11:01 | Create | Villager (Male) |
| 11:03 | Create | Villager (Male) |
| 11:03 | Create | Villager (Male) |
| 11:03 | Create | Villager (Male) |
| 12:02 | Build | Mill |
| 12:30 | Build | Barracks |
| 12:42 | Create | Villager (Male) |
| 12:43 | Create | Villager (Male) |
| 12:43 | Create | Villager (Male) |
| 12:43 | Create | Villager (Male) |
| 12:43 | Create | Villager (Male) |
| 12:44 | Create | Villager (Male) |
| 12:55 | Build | House |
| 13:15 | Create | Villager (Male) |
| 14:03 | Build | Mining Camp |
| 14:07 | Create | Villager (Male) |
| 15:31 | Research | Feudal Age |
| 16:43 | Build | Farm |
| 16:45 | Build | Farm |
| 16:46 | Build | Farm |
| 16:51 | Build | Farm |
| 16:54 | Build | Farm |
| 16:58 | Build | Farm |
| 17:13 | Build | Lumber Camp |
| 17:25 | Build | Farm |
| 17:50 | Age | Feudal Age |
| 18:35 | Build | Dock |
| 19:04 | Build | Blacksmith |
| 19:11 | Build | Market |
| 19:33 | Research | Castle Age |
| 19:41 | Create | Fishing Ship |
| 20:11 | Create | Fishing Ship |
| 20:36 | Build | Archery Range |
| 20:47 | Create | Spearman |
| 20:47 | Create | Spearman |
| 21:10 | Build | House |
| 21:12 | Build | House |
| 21:13 | Build | House |
| 21:14 | Build | House |
| 21:18 | Build | House |
| 21:28 | Create | Skirmisher |
| 21:29 | Create | Skirmisher |
| 21:33 | Create | Spearman |
| 21:35 | Create | Spearman |
| 22:13 | Age | Castle Age |
| 22:19 | Create | Spearman |
| 22:22 | Create | Skirmisher |
| 22:22 | Create | Skirmisher |
| 22:25 | Create | Spearman |
| 22:26 | Create | Spearman |
| 22:52 | Create | Villager (Male) ×5 |
| 22:53 | Create | Villager (Male) ×5 |
| 23:11 | Build | Town Center |
| 23:27 | Create | Skirmisher |
| 23:31 | Create | Spearman |
| 23:49 | Create | Archer |
| 23:58 | Create | Skirmisher |
| 23:58 | Create | Skirmisher |
| 24:06 | Create | Skirmisher |
| 24:10 | Research | Pikeman (upgrade) |
| 24:18 | Create | Villager (Male) ×4 |
| 24:31 | Create | Villager (Male) |
| 24:31 | Create | Villager (Male) |
| 24:31 | Create | Villager (Male) |
| 24:32 | Create | Villager (Male) |
| 24:50 | Research | Double-Bit Axe |
| 25:06 | Create | Villager (Male) |
| 25:06 | Create | Villager (Male) |
| 26:36 | Build | Town Center |
| 27:04 | Create | Villager (Male) |
| 27:04 | Create | Villager (Male) |
| 27:05 | Create | Villager (Male) |
| 27:05 | Create | Villager (Male) |
| 27:05 | Create | Villager (Male) |
| 27:05 | Create | Villager (Male) |
| 27:06 | Create | Villager (Male) |
| 27:06 | Create | Villager (Male) |
| 27:06 | Create | Villager (Male) |
| 27:14 | Build | House |
| 27:16 | Build | House |
| 27:24 | Build | House |
| 27:26 | Build | House |
| 27:27 | Build | House |
| 27:29 | Build | House |
| 27:30 | Build | House |
| 27:31 | Build | House |
| 27:34 | Build | House |
| 27:54 | Build | Mining Camp |
| 28:14 | Create | Villager (Male) |
| 28:15 | Create | Villager (Male) |
| 28:15 | Create | Villager (Male) |
| 28:15 | Create | Villager (Male) |
| 28:15 | Create | Villager (Male) |
| 29:22 | Research | Forging |
| 29:43 | Build | Farm |
| 29:48 | Build | Farm |
| 29:49 | Build | Farm |
| 29:51 | Build | Farm |
| 29:52 | Build | Farm |
| 29:53 | Build | Farm |
| 30:27 | Create | Spearman ×5 |
| 30:31 | Research | Elite Skirmisher (upgrade) |
| 30:32 | Create | Skirmisher ×2 |
| 30:49 | Build | Farm |
| 30:51 | Build | Farm |
| 30:53 | Build | Farm |
| 30:54 | Build | Farm |
| 30:57 | Build | Farm |
| 31:00 | Build | Farm |
| 31:02 | Build | Farm |
| 32:10 | Research | Fletching |
| 32:11 | Research | Iron Casting |
| 32:13 | Research | Scale Mail Armor |
| 32:16 | Create | Villager (Male) |
| 33:04 | Create | Spearman ×5 |
| 33:19 | Create | Villager (Male) |
| 33:19 | Create | Villager (Male) |
| 34:08 | Research | Man-at-Arms (upgrade) |
| 34:38 | Build | Siege Workshop |
| 34:42 | Research | Bow Saw |
| 34:50 | Create | Spearman |
| 34:51 | Create | Spearman |
| 35:05 | Build | Monastery |
| 36:20 | Build | Castle |
Match timeline
| 12:30 | osherlevy1 · first_building Barracks |
| 14:14 | darrenbwhufc · age_up feudal |
| 14:15 | Sentellax · age_up feudal |
| 15:35 | Sentellax · first_building Dock |
| 16:41 | darrenbwhufc · first_building Barracks |
| 17:42 | Sentellax · wall_segment Palisade Wall x10 |
| 17:46 | jehudaevers · first_building Barracks |
| 17:50 | osherlevy1 · age_up feudal |
| 18:11 | darrenbwhufc · wall_segment Stone Wall x1 |
| 18:24 | Sentellax · wall_segment Palisade Wall x1 |
| 18:35 | osherlevy1 · first_building Dock |
| 18:51 | darrenbwhufc · first_building Stable |
| 18:59 | jehudaevers · age_up feudal |
| 19:11 | jehudaevers · first_building Stable |
| 19:31 | Sentellax · wall_segment Palisade Wall x1 |
| 19:59 | darrenbwhufc · age_up castle |
| 20:36 | osherlevy1 · first_building Archery Range |
| 21:26 | darrenbwhufc · first_building Dock |
| 22:07 | darrenbwhufc · first_building Castle |
| 22:13 | osherlevy1 · age_up castle |
| 22:50 | Sentellax · first_building Barracks |
| 22:53 | jehudaevers · age_up castle |
| 24:31 | darrenbwhufc · first_building Monastery |
| 25:21 | Sentellax · first_market_buy 100 food |
| 25:38 | Sentellax · first_building Stable |
| 26:22 | Sentellax · wall_segment Palisade Wall x5 |
| 27:37 | jehudaevers · first_building Siege Workshop |
| 28:19 | Sentellax · first_building Archery Range |
| 28:26 | Sentellax · age_up castle |
| 30:21 | Sentellax · wall_segment Palisade Wall x7 |
| 31:48 | jehudaevers · first_building Monastery |
| 34:38 | osherlevy1 · first_building Siege Workshop |
| 35:05 | osherlevy1 · first_building Monastery |
| 35:33 | Sentellax · first_building Castle |
| 36:20 | osherlevy1 · first_building Castle |
| 39:50 | jehudaevers · resign |
[ AI ANALYSIS · 1 CREDIT ]
What really happened in this match?
Wolo.gg analyzes every decision: build order, eco, micro, common mistakes by bracket. Personalized analysis on WhatsApp or Discord in 30 seconds.
Civ guide
Turks
Perfil
Jugador #14780504